Map: Moebius Facility XX-1

Players

Musumeci - Winner!

  • Race: Zerg Zerg
  • League: Diamond
  • Spawn Location: 5:00

MichyMoko - Winner!

  • Race: Zerg Zerg
  • Spawn Location: 6:00

Nikcraft

  • Race: Terran Terran
  • League: Platinum
  • Spawn Location: 12:00

Xenopsych

  • Race: Zerg Zerg
  • Spawn Location: 11:00

VOD

Have the link to the VOD?

Description

Time

  • Played on: March 31, 2017, 3:35 p.m.
  • Length: 4:51
Show
View Real Time Build Order
Export as new Build Order

Musumeci Zerg - Winner!

Build Orders: Hatch First 

Get SALT Encoding   

  12  0:01  Drone  
  13  0:10  Drone  
  14  0:14  Extractor  
  14  0:15  Drone  
  15  0:43  Hatchery  
  15  0:48  Extractor  
  15  0:49  Drone  
  15  1:03  Spawning Pool  
  14  1:05  Extractor  
  14  1:06  Drone  
  14  1:10  Extractor  
  13  1:14  Drone  
  16  1:19  Overlord  
  16  1:43  Drone x3  
  19  1:57  Extractor  
  18  2:10  Queen  
  18  2:11  Queen  
  22  2:21  Drone  
  22  2:22  Drone x5  
  28  2:37  Overlord  
  28  2:39  Overlord  
  28  2:55  Overlord  
  28  2:57  Metabolic Boost  
  28  3:00  Drone x3  
  31  3:07  Zergling x4  
  33  3:24  Zergling x16  
  41  3:34  Hatchery  
  41  3:35  Zergling x4  
  42  3:43  Zergling x2  
  43  3:49  Zergling x2  
  44  3:56  Baneling Nest  
  42  4:10  Zergling x14  
Show
View Real Time Build Order
Export as new Build Order

MichyMoko Zerg - Winner!

Build Orders: Hatch First 

Get SALT Encoding   

  12  0:01  Drone  
  13  0:13  Overlord  
  13  0:18  Drone  
  14  0:31  Drone x2  
  16  0:36  Drone  
  17  0:56  Hatchery  
  16  1:05  Drone  
  17  1:11  Spawning Pool  
  17  1:14  Drone  
  17  1:20  Extractor  
  17  1:21  Drone  
  17  1:24  Drone  
  18  1:36  Drone  
  19  1:40  Drone  
  20  2:00  Drone  
  21  2:07  Queen, Overlord  
  23  2:10  Queen  
  23  2:12  Zergling x2  
  23  2:14  Zergling x2  
  27  2:27  Drone x2  
  29  2:34  Drone, Zergling x2  
  31  2:39  Metabolic Boost  
  31  2:41  Drone  
  31  2:44  Drone  
  33  2:48  Queen  
  35  2:55  Overlord  
  35  2:56  Drone  
  36  3:14  Drone x3  
  37  3:34  Extractor  
  37  3:36  Lair  
  36  3:43  Zergling x2  
  36  3:44  Zergling x10, Roach Warren  
  40  3:52  Drone  
  41  3:59  Overlord x2  
  41  4:01  Zergling x6  
  44  4:18  Drone, Extractor  
  44  4:19  Drone x4  
  44  4:20  Extractor  
Show
View Real Time Build Order
Export as new Build Order

Nikcraft Terran 

Build Orders: Banshee Rush 

Get SALT Encoding   

  12  0:00  SCV  
  13  0:12  SCV  
  14  0:23  Supply Depot  
  14  0:25  SCV  
  15  0:45  SCV  
  15  0:47  Barracks  
  16  0:57  SCV  
  16  1:00  Supply Depot  
  16  1:02  Refinery  
  17  1:07  Refinery  
  17  1:10  SCV  
  18  1:23  Supply Depot  
  18  1:28  SCV  
  19  1:47  Factory  
  19  1:54  Bunker  
  19  2:07  Orbital Command  
  19  2:29  Supply Depot  
  19  2:33  Starport  
  19  2:38  SCV  
  20  2:44  Barracks Tech Lab  
  20  2:53  SCV  
  22  3:05  SCV  
  22  3:22  SCV  
  22  3:24  Banshee, Barracks Tech Lab  
  22  3:25  Cloaking Field  
  25  3:44  SCV  
  25  4:00  SCV  
  25  4:02  Starport  
  26  4:09  Supply Depot  
  28  4:35  Supply Depot  
Show
View Real Time Build Order
Export as new Build Order

Xenopsych Zerg 

Build Orders: Hatch First 

Get SALT Encoding   

  12  0:10  Drone x2  
  14  0:37  Hatchery  
  14  0:40  Drone  
  14  0:53  Overlord  
  14  1:02  Extractor  
  13  1:06  Drone x2, Extractor  
  14  1:12  Drone  
  15  1:21  Drone  
  16  1:33  Spawning Pool  
  16  1:35  Drone  
  16  1:46  Drone  
  17  1:50  Drone x2  
  19  2:02  Extractor  
  18  2:10  Drone x2  
  21  2:15  Drone x2  
  22  2:29  Drone x2  
  24  2:32  Lair  
  24  2:34  Zergling x2  
  25  2:43  Queen  
  27  2:55  Zergling x2  
  28  2:59  Overlord  
  28  3:00  Overlord  
  28  3:23  Zergling x10  
  33  3:40  Zergling x6  
  36  3:58  Infestation Pit, Drone  
  36  3:59  Drone  
  36  4:00  Drone x2  
  39  4:13  Drone x2  
  41  4:22  Spore Crawler  
  35  4:27  Zergling x4  
Tags
 
Add a new tag
Caveats
  • Supply blocks, unpowered buildings, or Contaminate may cause inaccurate times.
  • Supply counts are checked every 10 seconds.